 Dungeon Crawl Stone Soup version 0.21.1-1-g345015f (webtiles) character file.

27 Mesmaeker13 the Charmwright (level 2, 0/24 HPs)
             Began as a Demigod Skald on Feb 27, 2018.
             Slain by an adder (4 damage)
             ... on level 2 of the Dungeon.
             The game lasted 00:00:58 (903 turns).

Mesmaeker13 the Charmwright (Demigod Skald)          Turns: 903, Time: 00:00:59

Health: 0/24       AC:  3    Str: 14    XL:     2   Next: 72%
Magic:  7/7        EV: 12    Int: 17    God:
Gold:   14         SH:  0    Dex: 15    Spells: 3/4 levels left

rFire    . . .     SeeInvis .   a - +0 falchion
rCold    . . .     Gourm    .   (no shield)
rNeg     . . .     Faith    .   b - +0 leather armour
rPois    .         Spirit   .   (no helmet)
rElec    .         Reflect  .   (no cloak)
rCorr    .         Harm     .   (no gloves)
MR       .....                  (no boots)
Stlth    +.........             (no amulet)
HPRegen  0.08/turn              (no ring)
MPRegen  0.10/turn              (no ring)

@: lethally poisoned (0 -> -6), hasted, very quick
A: high mp 1
a: no special abilities


You were on level 2 of the Dungeon.
You were not hungry.

You visited 1 branch of the dungeon, and saw 2 of its levels.

You collected 14 gold pieces.

Inventory:

Hand Weapons
 a - a +0 falchion (weapon)
Armour
 b - a +0 leather armour (worn)
Jewellery
 i - an uncursed ring of protection from fire {unknown}
Scrolls
 e - a scroll of enchant weapon {unknown}
 h - 4 scrolls of identify {unknown}
 j - a scroll of enchant armour {unknown}
Books
 c - a book of Battle

   Spells                             Type                      Level
   a - Infusion                       Charms                       1
   b - Shroud of Golubria             Charms/Translocation         2
   c - Song of Slaying                Charms                       2
   d - Spectral Weapon                Hexes/Charms                 3
   e - Regeneration                   Charms/Necromancy            3
Comestibles
 d - 2 rations


   Skills:
 + Level 2.1 Fighting
 + Level 2.2 Long Blades
 + Level 1.4 Armour
 - Level 1.7 Dodging
 - Level 1.7 Spellcasting
 + Level 3.0 Charms


You had 3 spell levels left.
You knew the following spells:

 Your Spells              Type           Power        Failure   Level  Hunger
a - Infusion              Chrm           ##..         7%          1    #......


Dungeon Overview and Level Annotations

Branches:
Dungeon (2/15)

Annotations:
D:2 2 transporters


Innate Abilities, Weirdness & Mutations

You have an increased reservoir of magic. (+10% MP)


Message History

The adder is moderately wounded.
The adder closely misses you.
You riposte.
You hit the adder but do no damage.
The adder is moderately wounded.
You barely miss the adder.
The adder is moderately wounded.
* * * LOW HITPOINT WARNING * * *
You feel sick. The adder barely misses you.
You closely miss the adder.
The adder is moderately wounded.
* * * LOW HITPOINT WARNING * * *
You feel sick. The adder bites you but does no damage. The adder bites you.
* * * LOW HITPOINT WARNING * * *
Unknown command.
You closely miss the adder.
The adder is moderately wounded.
The adder bites you but does no damage.
It was a potion of haste.
You feel yourself speed up.
* * * LOW HITPOINT WARNING * * *
You feel sick. The adder bites you.
You die...

............. ............
...........#
.........#...........#
#.........#....S......# .
#.........#...........# ..
#.........#...........#...
. .............###........
..##.#..........@S........
..............#.##........
.###...............#......
..............#.###.......
....<.........#.# .......
.....######.#.#.###..##.##
....................## ..#
.©.....####.#.......# ..
######......#......##


You could see an adder.

Vanquished Creatures
  An ooze (D:1)
  A worm (D:2)
  3 dart slugs
  4 bats (D:1)
  A goblin (D:1)
  A hobgoblin (D:1)
  3 frilled lizards (D:1)
  A rat (D:1)
15 creatures vanquished.

Notes
Turn   | Place    | Note
-------+----------+-------------------------------------------
     0 | D:1      | Mesmaeker13 the Demigod Skald began the quest for the Orb.
     0 | D:1      | Reached XP level 1. HP: 17/17 MP: 5/5
   125 | D:1      | Reached skill level 1 in Armour
   315 | D:1      | Reached XP level 2. HP: 19/24 MP: 7/7
   607 | D:2      | Found a transporter.
   615 | D:2      | Reached skill level 3 in Charms
   873 | D:2      | Found a transporter.
   903 | D:2      | Slain by an adder

Skill      XL: |  1  2 |
---------------+-------+-----
Armour         | 1 |  1.4
Fighting       | 2 |  2.1
Long Blades    | 2 |  2.2
Charms         | 3 |  3.0
Dodging        | |  1.7
Spellcasting   | |  1.7

Action                   || total
-------------------------++-------
Melee: Falchion          ||    47
  Use: Potion            ||     1
 Stab: Sleeping          ||     1
Armor: Leather armour    ||    14
Dodge: Dodged            ||    43
       Rpst.: Falchion   ||    18
